 Dungeon Crawl Stone Soup version 0.28.0-53-g5a82cb258f (webtiles) character file.

Game seed: 11334740057285731284

186 diana the Insei (level 5, -2/35 HPs)
             Began as an Octopode Transmuter on Aug 22, 2022.
             Slain by an orc
             ... wielding a +0 mace
              (7 damage)
             ... on level 3 of the Dungeon.
             The game lasted 00:04:57 (3146 turns).

diana the Insei (Octopode Transmuter)               Turns: 3146, Time: 00:04:58

Health: -2/35      AC:  2    Str: 10    XL:     5   Next: 66%
Magic:  4/9        EV: 20    Int: 17    God:
Gold:   133        SH:  0    Dex: 17    Spells: 3/9 levels left

rFire   . . .      SeeInvis .     - Unarmed
rCold   . . .      Faith    .   (shield currently unavailable)
rNeg    . . .      Spirit   .   (helmet currently unavailable)
rPois   x          Reflect  .   (no amulet)
rElec   .          Harm     .   i - ring of wizardry
rCorr   .          Rampage  .   (no ring)
Will    .....                   (no ring)
Stlth   ++........              (no ring)
HPRegen 0.11/turn               (no ring)
MPRegen 0.11/turn               (no ring)
                                (no ring)
                                (no ring)

@: spider-form, wereblooded
A: venomous fangs, almost no armour, (amphibious), 8 rings, tiny, (camouflage
1), (gelatinous body 1), (nimble swimmer 1), (tentacles)
a: End Transformation


You were on level 3 of the Dungeon.
You were a venomous arachnid creature.
You visited 1 branch of the dungeon, and saw 4 of its levels.

You collected 133 gold pieces.

Inventory:

Jewellery
 i - a ring of wizardry (left front leg)
Scrolls
 b - 2 scrolls of immolation {unknown}
 c - a scroll of vulnerability {unknown}
 h - 3 scrolls of identify {unknown}
Potions
 a - 2 potions of heal wounds
 d - a potion of lignification {unknown}
 e - 2 potions of curing {unknown}
 f - a potion of invisibility {unknown}
 g - a potion of cancellation {unknown}
 j - a potion of mutation {unknown}


   Skills:
 + Level 2.3 Fighting
 + Level 3.0 Dodging
 + Level 3.7 Unarmed Combat
 + Level 2.8 Spellcasting
 + Level 3.1 Transmutations


You had 3 spell levels left.
You knew the following spells:

 Your Spells              Type           Power      Damage    Failure   Level
a - Beastly Appendage     Tmut           26%        N/A       6%          1
b - Wereblood             Tmut           13%        N/A       9%          2
c - Spider Form           Tmut/Pois      7%         N/A       22%         3

Your spell library contained the following spells:

 Spells                   Type           Power      Damage    Failure   Level
 Freeze                   Ice            8%         1d3       16%         1
 Slow                     Hex            8%         N/A       16%         1
 Confusing Touch          Hex            2%         N/A       36%         3
 Frozen Ramparts          Ice            4%         1d2       36%         3
 Vampiric Draining        Necr           2%         2d6       36%         3
 Ice Form                 Ice/Tmut       7%         N/A       52%         4
 Hailstorm                Conj/Ice       2%         3d3       71%         4


Dungeon Overview and Level Annotations

Branches:
Dungeon (4/15)
 Temple: D:4-7

Altars:


Innate Abilities, Weirdness & Mutations

You are a venomous arachnid creature.
You have poisonous fangs.
You are tiny and dextrous.
Your spellcasting is less reliable in this form.
Your armour is entirely melded.
You are incapable of wielding weapons or throwing items.
You cannot wear most types of armour.
((You are amphibious.))
You can wear up to eight rings at the same time.
((Your skin changes colour to match your surroundings (Stealth+).))
((Your rubbery body absorbs attacks. (AC +1, EV +1)))
((You are camouflaged when in or above water. (Stealth+)))
((You have tentacles for arms and can constrict up to eight enemies at once.))


Message History

Your tentacle spike disappears.
You climb downwards.
The orc priest shouts!
The orc wizard shouts!
The orc shouts! x2
You hear a shout!
Found a sedimented amethyst potion.
There is a stone staircase leading up here.
There are monsters nearby!
One of your tentacles grows a vicious spike.
The kobold throws a stone.
The stone closely misses you.
An endoplasm comes into view.
Casting: Beastly Appendage (safe; 1% risk of failure)
Confirm with . or Enter, or press ? or * to list all spells.
Your blood is infused with primal strength.
The orc wizard points at you and mumbles some strange words.
You resist with some effort.
Casting: Wereblood (safe; 3% risk of failure)
Confirm with . or Enter, or press ? or * to list all spells.
The spell is quite dangerous to miscast (12% risk of failure)!
Continue anyway?
Your tentacle spike disappears.
You turn into a venomous arachnid creature.
An ufetubus comes into view.
You hit the kobold but do no damage.
The kobold is poisoned.
The kobold misses you.
You hit the kobold.
You kill the kobold!
The orc wizard points at you and mumbles some strange words.
The puff of flame hits you!
The orc priest calls down the wrath of Beogh upon you.
Beogh smites you!
* * * LOW HITPOINT WARNING * * *
The orc wizard completely misses you. The orc hits you with a +0 mace.
* * * LOW HITPOINT WARNING * * *
You climb upwards.
There is a stone staircase leading down here.
You bite the orc wizard!
The orc wizard is heavily wounded.
The orc wizard hits you with a +0 dagger.
* * * LOW HITPOINT WARNING * * *
The orc hits you with a +0 mace!
You die...

...#...........#.##.#
##.#.#...(...#.#.##.#
.......#(#+#.#.#.##.#
##.#.#.#.#..........#
##.#.#.#.###.##..####
.(.#...#.# #.##..#
####.###.# #.##..#
.........# #)##o.#
############.##.s#
.............###o#
.≈#............#.#
≈≈≈..........#.#.#
.##.########.#.#.#
..#.# #....#.#.#.#
..#.# #.#.##.#.#.#
####### #.#.#
#.#.##.#.#.# #......
..#.# #.#.##.#.#.#
#.#####


You could see an orc wizard and an orc.

Vanquished Creatures
  Jessica (D:2)
  Natasha (thrice) (D:2)
  Robin (D:3)
  2 worms
  2 dart slugs (D:2)
  6 endoplasms
  A giant cockroach (D:1)
  12 goblins
  3 hobgoblins
  8 kobolds
  3 quokkas
  5 ball pythons
  8 bats
  4 frilled lizards
  6 rats
65 creatures vanquished.

Vanquished Creatures (others)
  4 plants (D:2)
  15 withered plants (D:2)
19 creatures vanquished.

Grand Total: 84 creatures vanquished

Notes
Turn   | Place    | Note
-------+----------+-------------------------------------------
     0 | D:1      | diana the Octopode Transmuter began the quest for the Orb.
     0 | D:1      | Reached XP level 1. HP: 13/13 MP: 3/3
   476 | D:1      | Reached XP level 2. HP: 15/18 MP: 3/5
   997 | D:2      | Noticed Natasha
  1005 | D:2      | Killed Natasha
  1006 | D:2      | Reached XP level 3. HP: 19/24 MP: 4/6
  1126 | D:2      | Noticed Natasha
  1134 | D:2      | Killed Natasha
  1135 | D:2      | Reached XP level 4. HP: 17/29 MP: 7/7
  1385 | D:2      | Noticed Jessica
  1401 | D:2      | Killed Jessica
  1429 | D:2      | Found a faded altar of an unknown god.
  1465 | D:2      | Identified the +9 mace of Stained Optimality {drain, rElec}
  1471 | D:2      | Noticed Natasha
  1475 | D:2      | Killed Natasha
  1476 | D:2      | Reached XP level 5. HP: 34/34 MP: 7/9
  2279 | D:3      | Learned a level 2 spell: Wereblood
  2287 | D:3      | Learned a level 3 spell: Spider Form
  2650 | D:3      | Noticed Robin
  2677 | D:3      | Killed Robin
  3146 | D:3      | Slain by an orc

Illustrated notes

Levels and vault maps discovered:
D:1:      mainiacjoe_arrival_reflecting_pool, layout_basic
D:2:      layout_basic, shapermc_ecumenical_altar_flowoftime,
          minmay_tetromino_o2, uniq_natasha, uniq_jessica
D:3:      layout_basic, serial_rivers, chequers_serial_rivers_small_a,
          chequers_serial_rivers_micro_b, chequers_serial_rivers_large_b,
          chequers_serial_rivers_small_b, chequers_serial_rivers_micro_e,
          uniq_robin
D:4:      layout_rooms, mainiacjoe_overflow_alcove_1,
          chequers_serial_rivers_micro_d

Skill      XL: |  1  2  3  4  5 |
---------------+----------------+-----
Fighting       | 2 |  2.3
Transmutations | 3 |  3.1
Dodging        | 3 |  3.0
Unarmed Combat | |  3.7
Spellcasting   | |  2.8

Action                   |  1- 3 |  4- 6 || total
-------------------------+-------+-------++-------
Melee: Unarmed           |    54 |    65 ||   119
       Constrict         |    14 |    21 ||    35
       Kick              |    18 |    18 ||    36
       Tentacles         |     9 |    17 ||    26
       Punch             |     2 |     1 ||     3
 Cast: Beastly Appendage |    15 |    25 ||    40
       Wereblood         |       |     2 ||     2
       Spider Form       |       |     1 ||     1
  Use: Potion            |       |     2 ||     2
 Stab: Sleeping          |     1 |     6 ||     7
Armor: Skin              |     5 |     7 ||    12
Dodge: Dodged            |    35 |    52 ||    87
